 Dungeon Crawl Stone Soup version 0.19.5 (webtiles) character file.

562 varam the Caller (level 7, -5/36 HPs)
             Began as a Deep Elf Summoner on Mar 16, 2017.
             Killed by divine providence
             ... invoked by an orc priest
              (12 damage)
             ... on level 4 of the Dungeon.
             The game lasted 00:40:20 (5429 turns).

varam the Caller (Deep Elf Summoner)                Turns: 5429, Time: 00:40:21

Health: -5/36      AC:  3    Str:  5    XL:     7   Next: 10%
Magic:  14/14      EV: 16    Int: 22    God:
Gold:   186        SH:  0    Dex: 15    Spells: 4 memorised, 2 levels left

rFire  . . .     SeeInvis .     u - +0 spear
rCold  . . .     Gourm    .     w - +0 robe {MR+}
rNeg   . . .     Faith    .     (no shield)
rPois  .         Spirit   .     (no helmet)
rElec  .         Reflect  .     (no cloak)
rCorr  .         Harm     .     n - +0 pair of gloves
MR     +....                    (no boots)
Stlth  ++........               (no amulet)
                                o - +3 ring of evasion
                                j - ring of wizardry

@: starving
A: no striking features
a: no special abilities


You were on level 4 of the Dungeon.
You were starving.

You visited 1 branch of the dungeon, and saw 4 of its levels.

You collected 186 gold pieces.

Inventory:

Hand Weapons
 u - a +0 spear (weapon)
 y - a +0 whip
 B - a +2 dagger of speed
 D - a +2 dagger of venom
Missiles
 t - 135 stones (quivered)
Armour
 a - a +0 robe
 n - a +0 pair of gloves (worn)
 w - a +0 robe of magic resistance (worn)
Magical Staves
 z - an uncursed staff of death
Jewellery
 f - an uncursed ring of ice
 j - a ring of wizardry (left hand)
 o - a +3 ring of evasion (right hand)
Scrolls
 e - 2 scrolls of magic mapping {unknown}
 g - 2 scrolls of enchant armour {unknown}
 k - 4 scrolls of remove curse {unknown}
 l - a scroll of recharging {unknown}
 p - 4 scrolls of identify {unknown}
 r - a scroll of immolation {unknown}
 v - a scroll of fog {unknown}
Potions
 h - 2 potions of curing {unknown}
 i - a potion of magic {unknown}
 q - a potion of agility {unknown}
 s - a potion of might
 x - 2 potions of degeneration {unknown}
 A - a potion of haste
Books
 b - a book of Callings

   Spells                             Type                      Level
   a - Summon Small Mammal            Summoning                    1
   b - Call Imp                       Summoning                    2
   c - Call Canine Familiar           Summoning                    3
   d - Summon Guardian Golem          Hexes/Summoning              3
   e - Summon Lightning Spire         Summoning/Air                4
   f - Summon Ice Beast               Ice/Summoning                4
Comestibles
 c - 2 bread rations
 d - 3 meat rations
 m - 2 fruits
 C - 2 beef jerkies


   Skills:
 - Level 2.4 Dodging
 - Level 2.4 Stealth
 + Level 3.8 Spellcasting
 + Level 7.2 Summonings
 + Level 4.8 Ice Magic
 + Level 2.0 Air Magic


You had 2 spell levels left.
You knew the following spells:

 Your Spells              Type           Power        Failure   Level  Hunger
a - Summon Small Mammal   Summ           ####         1%          1    None
b - Call Imp              Summ           #####...     1%          2    #......
c - Summon Ice Beast      Ice/Summ       ####....     4%          4    ####...
f - Summon Lightning Spi  Summ/Air       ###.....     7%          4    ####...


Dungeon Overview and Level Annotations

Branches:
Dungeon (4/15)
 Temple: D:4-7

Altars:


Message History

Your crimson imp hits the orc priest.
The orc barely misses your white imp.
Your white imp gestures at the orc priest.
The puff of frost hits the orc priest.
The orc priest dies!
Your Air Magic skill increases to level 2!
Something hits your white imp!
Your white imp dies!
Your crimson imp blinks!
An orc comes into view. It is wielding a mace.
Your crimson imp hits the orc priest.
Your crimson imp blinks!
You see here a leather armour.
The orc priest looks braver for a moment.
The orc priest invokes the aid of Beogh against you.
Beogh smites you!
* * * LOW HITPOINT WARNING * * *
There is a stone staircase leading down here.
The orc priest calls down the wrath of Beogh upon you.
Beogh smites you!
You die...

......................#
......................##
.......##........#5.#..#
.......######..##o.#####
.......# #####.##
.......# #..#####
.......# ##o#....#
.......#### ##.......#
..........# #..@.....##
.........#####.........#
.................<.....#
.............#.........#
.........#####..>......##
####....## #..........#
##...# #..........# #####
##........## #........#


You could see an orc priest, an orc and a friendly crimson imp.

Vanquished Creatures
  A bullfrog skeleton (D:4)
  An adder (D:3)
  A gnoll (D:2)
  An adder skeleton (D:4)
  3 leopard geckos
  3 giant cockroaches
  A goblin (D:2)
  3 hobgoblins
  5 kobolds
  A quokka (D:3)
  7 bats
  5 rats
32 creatures vanquished.

Vanquished Creatures (collateral kills)
  Grinder (D:3)
  Sigmund (D:2)
  A phantom (D:4)
  A centaur (D:3)
  An ogre (D:4)
  2 big kobolds (D:3)
  An orc priest (D:4)
  Terence (D:3)
  7 adders
  2 gnolls (D:2)
  2 worms (D:2)
  A dart slug (D:3)
  10 orcs
  2 giant cockroaches
  4 goblins (D:2)
  8 hobgoblins
  3 jackals (D:3)
  8 kobolds
  A quokka (D:2)
  A ball python (D:3)
  3 bats
  2 frilled lizards
  A leopard gecko skeleton (D:4)
  4 rats
68 creatures vanquished.

Grand Total: 100 creatures vanquished

Notes
Turn   | Place    | Note
-------+----------+-------------------------------------------
     0 | D:1      | varam the Deep Elf Summoner began the quest for the Orb.
     0 | D:1      | Reached XP level 1. HP: 10/10 MP: 6/6
   344 | D:1      | Reached XP level 2. HP: 9/15 MP: 6/8
   348 | D:1      | Learned a level 2 spell: Call Imp
   411 | D:1      | Reached skill level 5 in Summonings
  1002 | D:2      | Reached XP level 3. HP: 13/19 MP: 6/9
  1180 | D:2      | Noticed Sigmund
  1738 | D:2      | Reached skill level 6 in Summonings
  2109 | D:2      | Reached XP level 4. HP: 24/24 MP: 8/10
  2133 | D:1      | Learned a level 4 spell: Summon Ice Beast
  2199 | D:3      | Found a glowing drain.
  2199 | D:3      | Noticed Grinder
  2484 | D:3      | Reached skill level 1 in Ice Magic
  2667 | D:3      | Paralysed by Grinder for 6 turns
  2679 | D:3      | Paralysed by Grinder for 3 turns
  3401 | D:2      | Killed Sigmund
  3401 | D:2      | Reached skill level 3 in Ice Magic
  3401 | D:2      | Reached XP level 5. HP: 11/28 MP: 1/11
  3746 | D:3      | Killed Grinder
  3746 | D:3      | Reached skill level 4 in Ice Magic
  3746 | D:3      | Reached XP level 6. HP: 30/32 MP: 3/12
  3827 | D:3      | Noticed Terence
  3835 | D:3      | Killed Terence
  4029 | D:3      | Learned a level 4 spell: Summon Lightning Spire
  4556 | D:3      | Reached skill level 7 in Summonings
  4568 | D:3      | Reached skill level 1 in Air Magic
  5184 | D:4      | Reached XP level 7. HP: 29/36 MP: 8/14
  5417 | D:4      | Reached skill level 2 in Air Magic
  5429 | D:4      | Killed from afar by an orc priest

Skill      XL: |  1  2  3  4  5  6  7 |
---------------+----------------------+-----
Summonings     | 5 6 7 |  7.2
Ice Magic      | 3 4 |  4.8
Air Magic      | 1 2 |  2.0
Dodging        | |  2.4
Stealth        | |  2.4
Spellcasting   | |  3.8

Action                   |  1- 3 |  4- 6 |  7- 9 || total
-------------------------+-------+-------+-------++-------
Melee: Dagger            |    65 |       |       ||    65
       Spear             |     1 |   121 |     7 ||   129
Throw: Stone             |       |     2 |       ||     2
 Cast: Summon Small Mamm |    29 |    15 |       ||    44
       Call Imp          |    15 |     8 |     2 ||    25
       Summon Ice Beast  |       |    21 |       ||    21
       Summon Lightning  |       |     2 |       ||     2
 Stab: Distracted        |     1 |     1 |       ||     2
       Sleeping          |     3 |     1 |       ||     4
  Eat: Chunk             |     4 |     6 |       ||    10
       Bread ration      |       |     1 |       ||     1
       Beef jerky        |       |     1 |       ||     1
       Royal jelly       |       |     1 |       ||     1
Armor: Robe              |    23 |    19 |       ||    42
Dodge: Dodged            |    61 |   108 |     4 ||   173
